 Dungeon Crawl Stone Soup version 0.30-a0-394-g3e4acdb0ae (webtiles) character file.

Game seed: 7774828563658777759

2 ytrimaz the Insei (level 1, 0/17 HPs)
             Began as a Djinni Transmuter on Dec 6, 2022.
             Slain by a kobold
             ... wielding a +0 dagger
              (1 damage)
             ... on level 1 of the Dungeon.
             The game lasted 00:00:13 (40 turns).

ytrimaz the Insei (Djinni Transmuter)                 Turns: 40, Time: 00:00:14

Health: 0/17       AC:  2    Str:  9    XL:     1   Next: 44%
Gold:   16         EV: 12    Int: 14    God:
                   SH:  0    Dex: 13

rFire   + + .      SeeInvis .      - Unarmed
rCold   x . .      Faith    .    (no shield)
rNeg    . . .      Spirit   .    a - +0 robe
rPois   ∞          Reflect  .    (no helmet)
rElec   .          Harm     .    (no cloak)
rCorr   .          Rampage  .    (no gloves)
Will    .....                    (boots unavailable)
Stlth   +.........               (no amulet)
HPRegen 0.22/turn                (no ring)
MPRegen 0.00/turn                (no ring)

@: flying
A: sickness immunity, fire resistance 2, cold vulnerability 1, float, innate
caster, HP casting, extra vitality 1
a: no special abilities


You were on level 1 of the Dungeon.
You visited 1 branch of the dungeon, and saw 1 of its levels.

You collected 16 gold pieces.


Innate Abilities, Weirdness & Mutations

You are immune to sickness and miasma.
You are immune to poison.
Your flesh is very heat resistant. (rF++)
You are vulnerable to cold. (rC-)
You float through the air rather than walking.
You learn spells naturally, not from books.
Your magical power is your life essence.
You have superior vitality. (+4 MHP)


   Skills:
 + Level 1.1 Fighting
 + Level 2.2 Dodging
 + Level 3.0 Unarmed Combat
 + Level 1.6 Spellcasting


You couldn't memorise any spells.
You knew the following spells:

 Your Spells              Type           Power      Damage    Failure   Level
a - Beastly Appendage     Tmut           10%        N/A       13%         1
b - Wereblood             Tmut           5%         N/A       19%         2
c - Spider Form           Tmut/Pois      5%         N/A       36%         3
d - Ice Form              Ice/Tmut       5%         N/A       77%         4
Your spell library was empty.

Inventory:

Armour
 a - a +0 robe (worn)
Potions
 b - a potion of lignification

Dungeon Overview and Level Annotations

Branches:
Dungeon (1/15) Zot: 5959

Altars:

.# ####..#.###..#.## #
..###...............###.#
.........# #.##..#......#
≈≈≈≈≈≈...###.##..........
.....≈≈..##...#?.........
...♣..≈≈.........##.#.#.#
..<.8..≈≈........# # #
...[.♣..≈......#K##.#.#.
........≈.#.....@.......
.....♣.≈≈.#########.#...
♣..8..≈≈..# ..
....♣≈≈...# .#
≈≈.≈≈≈..#.# # ..........#
..........# ..........#
........#.#


You could see a kobold.


Message History

🤖 Initializing magus.rc ...
Options error: Delay interrupt name "hungry" not recognised. (~/.crawlrc:4375) Options error: Bad monster_list_colour key: strict_neutral (~/.crawlrc:4390) Bad channel name for runrest: 'pray:' ✅ Successfully initialized magus.rc [v1.9.6] Welcome, ytrimaz the Djinni Transmuter.
The heart of this dungeon contains the incredible artefact, the Orb of Zot.
Press ? for a list of commands and other information.
Found a leather armour and 16 gold pieces.
Found a staircase leading out of the dungeon.
You begin with the following spells memorised: Beastly Appendage, Wereblood, Spider Form, Ice Form.
You see here a +0 leather armour.
You now have 12 gold pieces.
You now have 16 gold pieces (gained 4).
A kobold and a giant cockroach come into view.
There are monsters nearby!
There are monsters nearby!
There are monsters nearby!
There are monsters nearby!
There are monsters nearby!
A hobgoblin comes into view.
The giant cockroach closely misses you.
You see here a scroll labelled GES ERHYITA.
You hit the giant cockroach.
The hobgoblin shouts!
The giant cockroach barely misses you.
The kobold shouts!
You hit the giant cockroach but do no damage.
You punch the giant cockroach.
You kill the giant cockroach!
No target in view!
Unknown command.
No target in view!
The kobold misses you. The hobgoblin hits you. 😕 HP[-4]
You take 4 damage, and now have 13/17 hp.
MASSIVE DAMAGE!! (PAUSE)
The hobgoblin attacks as you move away! The hobgoblin closely misses you.
The kobold attacks as you move away! The kobold closely misses you.
The kobold throws a stone.
The stone hits you but does no damage. 😕 HP[+1]
You hit the hobgoblin. Your punch misses the hobgoblin.
The hobgoblin misses you.
You hit the hobgoblin. The hobgoblin hits you.
The kobold hits you with a +0 dagger. 😮 HP[-2]
You take 2 damage, and now have 12/17 hp.
Unknown command.
You closely miss the hobgoblin.
You punch the hobgoblin, but do no damage.
The kobold hits you with a +0 dagger.
The hobgoblin barely misses you. 😮 HP[-2]
You take 2 damage, and now have 10/17 hp.
The kobold attacks as you move away! The kobold barely misses you.
The hobgoblin attacks as you move away! The hobgoblin hits you.
* * * LOW HITPOINT WARNING * * *
The kobold throws a stone.
The stone closely misses you. 😨 HP[-3]
You take 3 damage, and now have 7/17 hp.
You closely miss the hobgoblin. The hobgoblin hits you.
* * * LOW HITPOINT WARNING * * *
😱 HP[-3]
You take 3 damage, and now have 4/17 hp.
You closely miss the hobgoblin. The hobgoblin closely misses you.
Unknown command.
You barely miss the hobgoblin. The hobgoblin hits you.
* * * LOW HITPOINT WARNING * * *
😱 HP[-2]
You take 2 damage, and now have 2/17 hp.
You hit the hobgoblin but do no damage. The hobgoblin closely misses you.
You completely miss the hobgoblin. The hobgoblin hits you.
* * * LOW HITPOINT WARNING * * *
Unknown command. 😱 HP[-1]
You take 1 damage, and now have 1/17 hp.
Unknown command.
Cast which spell? (? or * to list)
You don't know that spell.
You aren't carrying any scrolls.
Unknown command.
You barely miss the hobgoblin. The hobgoblin barely misses you.
Unknown command.
You hit the hobgoblin.
The hobgoblin hits you but does no damage.
You hit the hobgoblin.
You kill the hobgoblin!
You hit the kobold but do no damage. The kobold hits you with a +0 dagger.
You die...

Action                   || total
-------------------------++-------
Melee: Unarmed           ||    14
       Punch             ||     2
Armor: Robe              ||     2
Dodge: Dodged            ||    12

Levels and vault maps discovered:
D:1:      moated_graveyard_arrival, layout_loops_ring, serial_shops, shop,
          hellmonk_ecumenical_altar_dog_temple, kennysheep_small_spiral

Notes
Turn   | Place    | Note
-------+----------+-------------------------------------------
     0 | D:1      | ytrimaz the Djinni Transmuter began the quest for the Orb.
     0 | D:1      | ytrimaz set off with the following spells memorised:
                  | Beastly Appendage, Wereblood, Spider Form, Ice Form.
     0 | D:1      | Reached XP level 1. HP: 17/17 MP: 0/0
     0 | D:1      | magus.rc [v1.9.6]
    32 | D:1      | HP: 4/17 [hobgoblin (3)]
    36 | D:1      | HP: 1/17 [hobgoblin (2)]
    40 | D:1      | Slain by a kobold

Vanquished Creatures
  A giant cockroach (D:1)
  A hobgoblin (D:1)
2 creatures vanquished.

Table legend:
 A = Non-vault XP
 B = Vault XP
 C = Vault XP percentage of total XP
 D = Non-vault monster count
 E = Vault monster count
 F = Vault count percentage of total count
                 A         B        C        D         E       F
            +---------+---------+-------+---------+---------+-------
      Total |       4 |       0 |   0.0 |       2 |       0 |   0.0
            +---------+---------+-------+---------+---------+-------
        D:1 |       4 |       0 |   0.0 |       2 |       0 |   0.0
            +---------+---------+-------+---------+---------+-------

Illustrated notes

Table legend:
 A = Kills in this place as a percentage of kills in entire the game.
 B = Kills by you in this place as a percentage of kills by you in the entire game.
 C = Kills by friends in this place as a percentage of kills by friends in the entire game.
 D = Other kills in this place as a percentage of other kills in the entire game.
 E = Experience gained in this place as a percentage of experience gained in the entire game.
 F = Experience gained in this place divided by the number of levels of this place that you have seen.
                   A       B       C       D       E      F
               +-------+-------+-------+-------+-------+----------------------
         Total | 100.0 | 100.0 |   N/A |   N/A | 100.0 |   4.0
       Dungeon | 100.0 | 100.0 |   N/A |   N/A | 100.0 |   4.0
               +-------+-------+-------+-------+-------+----------------------

Table legend: (Time is in decaauts)
 A = Elapsed time spent in this place.
 B = Non-inter-level travel time spent in this place.
 C = Inter-level travel time spent in this place.
 D = Time resting spent in this place.
 E = Time spent auto-exploring this place.
 F = Levels seen in this place.
 G = Mean time per level.
                   A        B        C        D        E       F      G
               +--------+--------+--------+--------+--------+-----+--------+
         Total |     39 |     39 |      0 |      0 |     17 |   1 |   39.0 |
       Dungeon |     39 |     39 |      0 |      0 |     17 |   1 |   39.0 |
               +--------+--------+--------+--------+--------+-----+--------+

Top non-repeatable levels by time:
     D:1: 39 daAuts
